 Dungeon Crawl Stone Soup version 0.25-a0-565-g8875c97ebb (webtiles) character file.

Game seed: 3638685725414256602, levelgen mode: deterministic

7 Lugonue the Stinger (level 1, -1/7 HPs)
             Began as a Felid Venom Mage on Feb 26, 2020.
             Slain by a hobgoblin
             ... wielding a +0 club
              (6 damage)
             ... on level 1 of the Dungeon.
             The game lasted 00:00:53 (698 turns).

Lugonue the Stinger (Felid Venom Mage)               Turns: 698, Time: 00:00:53

Health: -1/7       AC:  1    Str:  4    XL:     1   Next: 91%
Magic:  4/4        EV: 18    Int: 16    God:
Gold:   9          SH:  0    Dex: 16    Spells: 3/4 levels left
                                        Lives:  0   Deaths: 0

rFire    . . .     SeeInvis +   (weapon unavailable)
rCold    . . .     Gourm    .   (shield unavailable)
rNeg     + . .     Faith    .   (armour unavailable)
rPois    .         Spirit   .   (helmet unavailable)
rElec    .         Reflect  .   (cloak unavailable)
rCorr    .         Harm     .   (gloves unavailable)
MR       .....                  (boots unavailable)
Stlth    +++.......             (no amulet)
HPRegen  0.02/turn              f - ring of positive energy
MPRegen  0.09/turn              (no ring)

@: quick
A: very small, no armour, no weapons or thrown items, stealth, claws 1, fangs 3,
see invisible, carnivore, speed 1, shaggy fur 1, slow metabolism 1, sharp paws
a: no special abilities


You were on level 1 of the Dungeon.
You were not hungry.

You visited 1 branch of the dungeon, and saw 2 of its levels.

You collected 9 gold pieces.

Inventory:

Jewellery
 f - a ring of positive energy (left paw)
Scrolls
 a - 3 scrolls of teleportation {unknown}
 c - a scroll of remove curse {unknown}
Potions
 d - 2 potions of curing {unknown}
 e - 2 potions of magic {unknown}
 g - a potion of heal wounds {unknown}
Comestibles
 b - a ration


   Skills:
 + Level 2.6 Dodging
 + Level 2.9 Stealth
 * Level 2.0 Spellcasting
 + Level 1.1 Transmutations
 + Level 3.1 Poison Magic


You had 3 spell levels left.
You knew the following spells:

 Your Spells              Type           Power        Failure   Level  Hunger
a - Sting                 Tmut/Pois      #...         9%          1    #......

Your spell library contained the following spells:

 Spells                   Type           Power        Failure   Level  Hunger
 Poisonous Vapours        Pois/Air       #.....       17%         2    ###....
 Ignite Poison            Fire/Tmut/Pois #.......     34%         3    ###....
 Mephitic Cloud           Conj/Pois/Air  #.......     38%         3    ###....
 Olgreb's Toxic Radiance  Pois           ##......     50%         4    #####..


Dungeon Overview and Level Annotations

Branches:
Dungeon (2/15)

Altars:

Annotations:
D:2 Robin


Innate Abilities, Weirdness & Mutations

You cannot wear armour.
You are incapable of wielding weapons or throwing items.
Your paws allow you to move quietly. (Stealth)
You have sharp claws.
You have razor-sharp teeth.
You have supernaturally acute eyesight. (SInv)
You are carnivorous and can eat meat at any time.
You cover ground quickly.
You are covered in fur. (AC +1)
You have a slow metabolism.
Your sharp claws are effective at attacking unaware monsters.


Message History

Done waiting.
A rat comes into view.
Found 14 stones.
A rat is nearby!
A rat is nearby!
A rat is nearby!
A rat is nearby!
A hobgoblin comes into view. It is wielding a +0 club.
A rat comes into view.
The hobgoblin shouts!
You barely miss the rat. The rat bites you.
You scratch the rat.
The rat is severely wounded.
The rat misses you.
You barely miss the rat. Your bite misses the rat.
The rat is severely wounded.
The hobgoblin completely misses you. The rat completely misses you.
The hobgoblin hits you with a +0 club.
Ouch! That really hurt!
You die...

#.#.#####.#.#.#
#.#.......#.#.#
#.##..........#
#.####.#.###
###.##.####.#.#
#..............#
#.#####.####.#.#
#... #.#.# #...
#.#@##### #...#
#...g...# ##.##
#.#r###.# #.#
#..... #.
#..##.# #..# ..
#. #.# r. .# .#
.#


You could see a hobgoblin and a rat.

Vanquished Creatures
  A dart slug (D:1)
  A bat (D:1)
  A goblin (D:1)
  2 kobolds (D:1)
5 creatures vanquished.

Notes
Turn   | Place    | Note
-------+----------+-------------------------------------------
     0 | D:1      | Lugonue the Felid Venom Mage began the quest for the Orb.
     0 | D:1      | Reached XP level 1. HP: 7/7 MP: 4/4
    68 | D:2      | Noticed Robin
   570 | D:1      | Reached skill level 3 in Poison Magic
   698 | D:1      | Slain by a hobgoblin

Levels and vault maps discovered:
D:1:      dpeg_arrival_tiny_j, layout_loops_ring
D:2:      layout_rooms, uniq_robin

Skill      XL: |  1 |
---------------+----+-----
Poison Magic   | 3 |  3.1
Dodging        | |  2.6
Stealth        | |  2.9
Spellcasting   | |  2.0
Transmutations | |  1.1

Action                   || total
-------------------------++-------
Melee: Unarmed           ||    10
 Cast: Sting             ||     9
 Stab: Sleeping          ||     1
Armor: Skin              ||     1
Dodge: Dodged            ||    18

Table legend:
 A = Non-vault XP
 B = Vault XP
 C = Vault XP percentage of total XP
 D = Non-vault monster count
 E = Vault monster count
 F = Vault count percentage of total count
                 A         B        C        D         E       F
            +---------+---------+-------+---------+---------+-------
      Total |      11 |       0 |   0.0 |       5 |       0 |   0.0
            +---------+---------+-------+---------+---------+-------
        D:1 |      11 |       0 |   0.0 |       5 |       0 |   0.0
            +---------+---------+-------+---------+---------+-------
